Unix NetHack Version 5.0.0-0 post-release - last build May 23 2026 06:08:33 (1c0ff79ee797540d5714e4e18072db0edd9e58ae,branch:main).

Game began 2026-05-26 18:16:47, ended 2026-05-26 19:18:18.

Atomicjoy, chaotic male elven Wizard

                  ------                                               --
                  |..|.----------------------------                   -.---
                  |........|-.....................|----------         ....----
                  |....--..|...........-------....|......||.|-----  -........--
                  --...|-....{...........|.%.|....-...._.|-.--...---..........|
              ---- |...|..#.....----..|..|..*-....|......|.......>...........-
             --..| |...|........|  |..|..|----....--------...................|
             |<..---.----...--|-|  |..-|-...................--...............|
             --...|..|  |...|..(|-+-.....-.-|--..---------.-||..............--
            ---.....--  +...|((.|.............|......|...|..||..----........|
            |......--   -...|(((|+------..{...|..|...-...|..---.|    .......|
            |...|..|    ....|----  |(..|......--+-...| ..|......|    ......--
            |-.---.|   .....|      |.(.-.d...........-----.|....|     ....--
            |......|  ----..|   -- |((.|.f--|---|-.........----.|     .....
         ----.------     |..|   |. -----..|..[|..|-|--.|--..| |.|      ....-
         |....|          +..--+--......Y..|(*%|..|...|...|..| |.-       ....
         | ----          |............@...|..)|..|...|...|..| |.        .....
                         |................|--------------|.-- |.         --..|
                         ------------------              ---  --           ---

Atomicjoy the Conjurer    St:7 Dx:14 Co:15 In:20 Wi:16 Ch:7  Chaotic
Dlvl:8  $:1823 HP:45(45) Pw:51(51) AC:3  Xp:5/221 T:4586  Burdened

Latest messages:
 The housecat bites!
 The large cat misses the housecat.
 The housecat bites!
 The housecat bites!
 The large cat bites the housecat.
 The housecat is killed!
 Your large cat eats a housecat corpse.
 You swap places with the peaceful watchman.
 You hear some noises in the distance.
 Are you waiting to get hit?  Use 'm' prefix to force a no-op (to rest).
 The monkey hits!
 The monkey stole a magic marker (0:19).
 The monkey tries to run away with your magic marker.
 Are you waiting to get hit?  Use 'm' prefix to force a no-op (to rest).
 The dog bites it.
 It misses the dog.
 It bites the dog.
 You stop.  Your large cat is in the way!
 You hear someone cursing shoplifters.
 You swap places with your large cat.
 The large cat bites the violet fungus.
 The violet fungus misses the large cat.
 The violet fungus misses the large cat.
 The large cat bites the violet fungus.
 The violet fungus misses the large cat.
 The violet fungus misses the large cat.
 The large cat bites it.
 The large cat bites it.
 It misses the large cat.
 You hear some noises in the distance.
 What do you want to read? [i-kqzFGI or ?*] 2
 No count allowed with this command.
 What do you want to read? [i-kqzFGI or ?*] <enter>
 Never mind.
 The dog misses the monkey.
 The dog bites it.
 It hits the dog.
 It misses the dog.
 The dog misses it.
 You hear someone cursing shoplifters.
 You hear some noises in the distance.
 It bites the jaguar.
 The jaguar hits it.
 The jaguar misses it.
 The jaguar misses it.
 You have a sad feeling for a moment, then it passes.
 The dog bites it.
 The dog misses the jaguar.
 Really quit without saving? [yn] (n) y
 Do you want your possessions identified? [ynq] (y) q

Inventory:
 Coins    ('$')
  $ - 1823 gold pieces
 Weapons  (')')
  s - 4 +0 daggers
  E - a cursed -3 dagger
  W - a +0 elven dagger
  a - a blessed +1 quarterstaff (weapon in hands)
 Armor    ('[')
  T - an uncursed +0 helmet (being worn)
  V - an uncursed +0 pair of high boots (being worn)
  b - an uncursed +0 cloak of magic resistance (being worn)
  M - an uncursed +0 studded leather armor (being worn)
 Comestibles  ('%')
  y - an uncursed food ration
 Scrolls  ('?')
  z - an uncursed scroll of confuse monster
  I - a cursed scroll of confuse monster
  q - an uncursed scroll of enchant armor
  G - a cursed scroll of enchant weapon
  i - 4 uncursed scrolls of identify
  j - a blessed scroll of magic mapping
  k - an uncursed scroll of magic mapping
  F - an uncursed scroll of teleportation
 Potions  ('!')
  p - an uncursed potion of blindness
  v - an uncursed potion of extra healing
  h - an uncursed potion of gain energy
  w - a cursed potion of gain energy
  t - 2 blessed potions of healing
  u - 3 uncursed potions of healing
  f - an uncursed potion of see invisible
  g - an uncursed potion of water
 Rings    ('=')
  e - an uncursed +3 ring of gain constitution (on right hand)
  d - an uncursed ring of polymorph
  O - an uncursed ring of stealth
 Wands    ('/')
  c - a wand of cold (0:4)
  H - a wand of secret door detection (0:15)
  B - a wand of striking (0:7)
 Tools    ('(')
  o - an uncursed tooled horn
  X - an uncursed leash
  L - an uncursed tin whistle
 Gems/Stones  ('*')
  R - an uncursed worthless piece of green glass
  r - an uncursed worthless piece of red glass
  m - 2 uncursed worthless pieces of white glass
  U - 2 uncursed worthless pieces of yellowish brown glass

Atomicjoy the Wizard's attributes:

Background:
 You were a Conjurer, a level 5 male elven Wizard.
 You were chaotic, on a mission for Anhur
 who was opposed by Ptah (lawful) and Thoth (neutral).
 You were right-handed.
 You were in the Gnomish Mines, on level 8.
 You entered the dungeon 4586 turns ago.
 You had 221 experience points, 99 more were needed to attain level 6.

Basics:
 You had all 45 hit points.
 You had all 51 energy points (spell power).
 Your armor class was 3.
 Your wallet contained 1823 zorkmids.
 Autopickup was off.

Final Characteristics:
 Your strength was 7 (limit:18).
 Your dexterity was 14 (limit:18).
 Your constitution was 15 (base:12, limit:16).
 Your intelligence was 20 (limit:20).
 Your wisdom was 16 (limit:20).
 Your charisma was 7 (limit:18).

Final Status:
 You weren't hungry.
 You were burdened; movement was slightly slowed.
 You were wielding a quarterstaff.
 You had basic skill with quarterstaff.

Final Attributes:
 You were piously aligned.
 You were magic-protected.
 You were sleep resistant.
 You were telepathic.
 You had infravision.
 You were warded.
 You survived.

Miscellaneous:
 You didn't encounter any bones levels.
 Total elapsed playing time was 1 hour, 1 minute and 30 seconds.

Major events:
 Turn
    1: Atomicjoy the chaotic male elven Wizard entered the dungeon
 2048: entered the Gnomish Mines
 2140: attained the rank of Conjurer (level 3)
 2865: reached Mine Town
 4586: quit

Spells:
 Name                 Level Category     Fail Retention
 force bolt             1   attack         0%   71%-80%
 cure sickness          3   healing       74%  76%-100%
 identify               3   divination    74%  76%-100%
 light                  1   divination     0%  76%-100%

Skills:
 Fighting Skills
   bare handed combat [Unskilled]
   riding             [Unskilled]
 Weapon Skills
   dagger             [Unskilled]
   knife              [Unskilled]
   axe                [Unskilled]
   short sword        [Unskilled]
   club               [Unskilled]
   mace               [Unskilled]
   quarterstaff       [Basic]
   polearms           [Unskilled]
   spear              [Unskilled]
   trident            [Unskilled]
   sling              [Unskilled]
   dart               [Unskilled]
   shuriken           [Unskilled]
 Spellcasting Skills
   attack spells      [Basic]
   healing spells     [Unskilled]
   divination spells  [Unskilled]
   enchantment spells [Basic]
   clerical spells    [Unskilled]
   escape spells      [Unskilled]
   matter spells      [Unskilled]

Voluntary challenges:
 Character rerolling was not enabled.
 You never genocided any monsters.
 You never polymorphed an object.
 You never changed form.
 You used no wishes.
Achievements:
 You entered a shop.
 You entered the Gnomish Mines.
 You attained the rank of Conjurer.
 You entered Minetown.
 You entered a temple.

 The Dungeons of Doom: levels 1 to 5
    Level 1:
       A fountain.
    Level 2:
       A fountain, some sinks.
    Level 3:
       A general store, a fountain, a sink.
    Level 4:
       A fountain.
       Stairs down to The Gnomish Mines.
    Level 5:
 The Gnomish Mines: levels 5 to 9
    Level 5:
    Level 6:
    Level 7:
    Level 8: <- You were here.
       Many shops, a temple and an altar, some fountains, a tree.
    Level 9:


Vanquished creatures:
  a large mimic
  2 small mimics
  a large cat
  2 watchmen
  a quivering blob
  a lizard
  a dingo
  2 housecats
  a rock mole
  a yellow light
  a shrieker
  a violet fungus
  6 gnome leaders
  a gnomish wizard
  a ghoul
  a straw golem
  a giant ant
  a floating eye
 11 dwarves
  a kobold leader
  2 rothes
  2 orc zombies
 an acid blob
  3 gas spores
  3 hobbits
  7 giant rats
  a cave spider
 31 gnomes
  a gnome zombie
  7 geckos
  5 jackals
  3 foxes
  3 kobolds
  3 goblins
  6 grid bugs
  6 lichens
  a kobold zombie
  9 newts
132 creatures vanquished.

No species were genocided or became extinct.

Goodbye Atomicjoy the Wizard...

You quit in The Gnomish Mines on dungeon level 8 with 3107 points,
and 1823 pieces of gold, after 4586 moves.
You were level 5 with a maximum of 45 hit points when you quit.

